 Dungeon Crawl Stone Soup version 0.31.0-12-g77e489cdc1 (webtiles) character file.

Game seed: 15536573096127611661

54 hypolearner the Chiller (level 3, 0/24 HPs)
             Began as a Demonspawn Ice Elementalist on Feb 19, 2024.
             Slain by a gnoll sergeant
             ... wielding a +4 spear of venom
              (13 damage)
             ... on level 3 of the Dungeon.
             The game lasted 00:04:42 (1723 turns).

hypolearner the Chiller (DsIE)                      Turns: 1723, Time: 00:04:43

Health: 0/24       AC:  3    Str:  8    XL:     3   Next: 66%
Magic:  6/6        EV: 12    Int: 17    God:
Gold:   80         SH:  0    Dex: 13    Spells: 2/6 levels left

rFire   . . .        d - +0 dagger
rCold   . . .        (no shield)
rNeg    . . .        a - +1 robe
rPois   .            (no helmet)
rElec   .            (no cloak)
rCorr   .            (no gloves)
SInv    .            (no boots)
Will    .....        (no amulet)
Stlth   ++           (no ring)
HPRegen 0.24/turn    (no ring)
MPRegen 0.20/turn

%: no passive effects
@: lethally poisoned (0 -> -5)
A: magic regeneration
a: no special abilities


You were on level 3 of the Dungeon.
You visited 1 branch of the dungeon, and saw 3 of its levels.

You collected 80 gold pieces.

Inventory:

Hand Weapons
 d - a +0 dagger (weapon)
Armour
 a - a +1 robe (worn)
Talismans
 f - a storm talisman
Wands
 j - a wand of mindburst (16)
Scrolls
 c - a scroll of immolation
 e - a scroll of identify
 g - 2 scrolls of teleportation
Potions
 b - a potion of magic
 h - 2 potions of curing
 i - a potion of might {unknown}


   Skills:
 - Level 1.7 Dodging
 - Level 1.7 Stealth
 - Level 2.0 Spellcasting
 + Level 4.9 Ice Magic


You had 2 spell levels left.
You knew the following spells:

 Your Spells              Type           Power      Damage    Failure   Level
f - Freeze                Ice            72%        1d8       2%          1
r - Frozen Ramparts       Ice            36%        1d6       8%          3

Your spell library contained the following spells:

 Spells                   Type           Power      Damage    Failure   Level
 Ozocubu's Armour         Ice            18%        N/A       8%          3
 Summon Ice Beast         Ice/Summ       10%        N/A       22%         3


Dungeon Overview and Level Annotations

Branches:
Dungeon (3/15)

Altars:
Fedhas


Innate Abilities, Weirdness & Mutations

You regenerate magic rapidly.


Message History

Your giant cockroach closely misses the goblin.
Your giant cockroach barely misses the goblin.
The goblin hits your giant cockroach with a +0 club.
Your giant cockroach dies!
Your giant cockroach's corpse dissolves into shadows!
The goblin barely misses your frilled lizard.
Your frilled lizard barely misses the goblin.
The goblin closely misses your frilled lizard.
Your frilled lizard barely misses the goblin.
The goblin hits your frilled lizard with a +0 club.
Your frilled lizard dies!
Your frilled lizard's corpse dissolves into shadows!
The goblin barely misses your giant cockroach.
Your giant cockroach bites the goblin.
The goblin closely misses your giant cockroach.
Your giant cockroach closely misses the goblin.
Your giant cockroach bites the goblin.
The goblin dies!
You hear the slow rusting of a distant drain.
A rat comes into view.
The rat barely misses you.
You freeze the rat.
You kill the rat!
You see here a rat corpse.
A gnoll sergeant comes into view. It is wielding a +4 spear of venom.
Your giant cockroach bites the gnoll sergeant but does no damage.
The gnoll sergeant hits you from afar with a +4 spear of venom.
You are poisoned.
Your giant cockroach bites the gnoll sergeant but does no damage.
You feel very sick.
Your giant cockroach barely misses the gnoll sergeant.
The gnoll sergeant hits your giant cockroach with a +4 spear of venom!
Your giant cockroach dies!
Your giant cockroach's corpse dissolves into shadows!
You feel sick.
A goblin comes into view. It is wielding a +0 dagger.
You feel sick.
The gnoll sergeant hits you with a +4 spear of venom!
Ouch! That really hurt!
You die...

..##### #########
...)<.######.......#
.####........#####.#
.####.#####..####
................# #
.#.##.#####..##.##.#
# #.# #...g....#
........###.#######
#.####### #.@g....#
#.# #######.# ..#
.##


You could see a gnoll sergeant and a goblin (wandering).

Vanquished Creatures
  An adder (D:2)
  A dart slug (D:1)
  An orc (D:2)
  2 bats (D:1)
  4 endoplasms
  2 giant cockroaches (D:1)
  3 goblins
  5 hobgoblins
  3 jackals (D:1)
  3 kobolds
  2 quokkas (D:1)
  3 ball pythons
  A frilled lizard (D:1)
  4 rats
35 creatures vanquished.

Vanquished Creatures (collateral kills)
  A goblin (D:3)
1 creature vanquished.

Grand Total: 36 creatures vanquished

Notes
Turn   | Place    | Note
-------+----------+-------------------------------------------
     0 | D:1      | hypolearner the Demonspawn Ice Elementalist began the quest
                  | for the Orb.
     0 | D:1      | Reached XP level 1. HP: 13/13 MP: 3/3
   166 | D:1      | Reached skill level 4 in Ice Magic
   172 | D:1      | Gained mutation: You regenerate magic rapidly. [demonic
                  | ancestry]
   172 | D:1      | Reached XP level 2. HP: 14/19 MP: 0/5
   569 | D:1      | Noticed an eye of devastation
   932 | D:1      | Reached XP level 3. HP: 24/24 MP: 2/6
   959 | D:1      | Noticed a great orb of eyes
   962 | D:1      | Found a faded altar of an unknown god.
   969 | D:1      | Noticed a glass eye
   972 | D:1      | Noticed a great orb of eyes
  1248 | D:2      | Learned a level 3 spell: Frozen Ramparts
  1403 | D:2      | Found a blossoming altar of Fedhas.
  1716 | D:3      | Noticed a gnoll sergeant
  1723 | D:3      | Slain by a gnoll sergeant

Illustrated notes

Levels and vault maps discovered:
D:1:      dpeg_arrival_brainrot, layout_basic,
          hellmonk_ecumenical_altar_watching_god, serial_bayou_lagoon_b
D:2:      layout_loops_ring, basic_altar, minivault_4
D:3:      layout_loops_cross, mainiacjoe_sewer_entry_somewhere_in_here_2,
          serial_park_tiny_1

Skill      XL: |  1 |
---------------+----+-----
Ice Magic      | 4 |  4.9
Dodging        | |  1.7
Stealth        | |  1.7
Spellcasting   | |  2.0

Action                     || total
---------------------------++-------
  Melee: Unarmed           ||    12
         Dagger            ||    10
   Cast: Freeze            ||    51
    Use: Scroll            ||     7
   Stab: Sleeping          ||     2
 Armour: Robe              ||    34
  Dodge: Dodged            ||    33
